Map: Lightshade LE

Players

Throwfordays - Winner!

  • Race: Terran Terran
  • League: Gold

Commander

  • Race: Terran Terran
  • League: Silver

VOD

Have the link to the VOD?

Description

Time

  • Played on: Aug. 27, 2021, 5:27 p.m.
  • Length: 3:27
Show
View Real Time Build Order
Export as new Build Order

Throwfordays Terran - Winner!

Build Orders:  

Get SALT Encoding   

  12  0:00  SCV  
  13  0:12  SCV  
  14  0:21  Supply Depot  
  14  0:24  SCV  
  15  0:31  Refinery  
  15  0:45  SCV, Barracks  
  16  0:54  Supply Depot  
  16  1:00  SCV  
  17  1:12  SCV  
  18  1:22  Barracks  
  18  1:24  SCV  
  19  1:30  Refinery  
  19  1:33  Reaper  
  20  1:41  SCV  
  21  1:53  SCV  
  22  1:57  Barracks  
  22  2:05  Reaper, SCV  
  24  2:09  Reaper  
  25  2:18  SCV  
  26  2:22  Supply Depot  
  26  2:31  SCV  
  27  2:37  Reaper  
Show
View Real Time Build Order
Export as new Build Order

Commander Terran 

Build Orders:  

Get SALT Encoding   

  12  0:04  SCV  
  13  0:16  SCV  
  14  0:25  Supply Depot  
  14  0:28  SCV  
  15  0:47  SCV  
  16  0:52  Refinery  
  16  0:57  Refinery  
  16  0:59  SCV  
  17  1:11  SCV  
  18  1:23  SCV  
  19  1:35  SCV  
  20  1:40  Barracks  
  20  1:45  Barracks  
  20  1:47  SCV  
  21  1:59  SCV  
  22  2:11  SCV  
  23  2:34  Supply Depot  
  23  2:35  SCV  
  23  2:44  Marine  
  22  3:01  Marine  
Tags
 
Matchup
TvT
Race
Terran
Replay Pack
Multiplayer
Add a new tag
Caveats
  • Supply blocks, unpowered buildings, or Contaminate may cause inaccurate times.
  • Supply counts are checked every 10 seconds.